 Dungeon Crawl Stone Soup version 0.19.4-9-g45fd643 (webtiles) character file.

53 sveltemanboy the Bolt Thrower (level 3, 0/18 HPs)
             Began as a Vine Stalker Hunter on Feb 21, 2017.
             Slain by Crazy Yiuf
             ... wielding a +4 quarterstaff of chaos
              (2 damage)
             ... on level 2 of the Dungeon.
             The game lasted 00:04:05 (1885 turns).

sveltemanboy the Bolt Thrower (Vine Stalker Hunter) Turns: 1885, Time: 00:04:06

Health: 0/18       AC:  4    Str: 14    XL:     3   Next: 89%
Magic:  0/4        EV: 12    Int: 12    God:
Gold:   155        SH:  0    Dex: 14    Spells: 0 memorised, 2 levels left

rFire  . . .     SeeInvis .     a - +1 hand crossbow
rCold  . . .     Gourm    .     c - +0 leather armour
rNeg   . . .     Faith    .     (no shield)
rPois  .         Spirit   +     i - +0 helmet
rElec  .         Reflect  .     (no cloak)
rCorr  .         Harm     .     (no gloves)
MR     .....                    (no boots)
Stlth  +.........               (no amulet)
                                (no ring)
                                (no ring)

@: lethally poisoned (0 -> -4), drained
A: fangs 2, magic shield, antimagic bite, no device heal 3, rot immunity
a: no special abilities


You were on level 2 of the Dungeon.
You were not hungry.

You visited 1 branch of the dungeon, and saw 2 of its levels.

You collected 155 gold pieces.

Inventory:

Hand Weapons
 a - a +1 hand crossbow (weapon)
 b - a +0 short sword
Missiles
 d - 32 bolts (quivered)
 m - a throwing net
Armour
 c - a +0 leather armour (worn)
 i - a +0 helmet (worn)
Scrolls
 h - a scroll of identify {unknown}
 l - a scroll of noise {unknown}
 p - 2 scrolls of amnesia {unknown}
Potions
 e - a potion of haste {unknown}
 k - a potion of agility {unknown}
 n - a potion of magic {unknown}
 o - a potion of lignification {unknown}
 q - a potion of curing {unknown}
Comestibles
 f - a bread ration
 g - 6 fruits


   Skills:
 - Level 1.7(1.4) Fighting
 * Level 4.1(3.8) Crossbows
 + Level 1.4(1.1) Armour
 + Level 2.2(1.9) Dodging
 - Level 1.2(0.9) Stealth


You had 2 spell levels left.
You didn't know any spells.

Dungeon Overview and Level Annotations

Branches:
Dungeon (2/15)

Altars:
Makhleb
Vehumet

Annotations:
D:2 Crazy Yiuf


Innate Abilities, Weirdness & Mutations

You have extremely sharp teeth.
When hurt, damage is shared between your health and your magic reserves.
Your bite disrupts and absorbs the magic of your enemies.
Potions and wands cannot restore your health.
You are immune to rotting.


Message History

You are poisoned.
Crazy Yiuf waves his quarterstaff at you.
Crazy Yiuf closely misses you.
Unknown command.
Firing (i - inventory. (,) - cycle):
d - 34 bolts (quivered)
Press: ? - help, Shift-Dir - straight line, f/p - Crazy Yiuf
Aim: Crazy Yiuf, wielding a quarterstaff of chaos and wearing a cloak (moderately wounded)
You shoot a bolt. The bolt closely misses Crazy Yiuf.
You feel sick.
Crazy Yiuf hits you with a quarterstaff of chaos!
* * * LOW HITPOINT WARNING * * *
You feel drained.
* * * LOW HITPOINT WARNING * * *
Firing (i - inventory. (,) - cycle):
d - 33 bolts (quivered)
Press: ? - help, Shift-Dir - straight line, f/p - Crazy Yiuf
Aim: Crazy Yiuf, wielding a quarterstaff of chaos and wearing a cloak (moderately wounded)
You shoot a bolt. The bolt hits Crazy Yiuf.
Crazy Yiuf is severely wounded.
Crazy Yiuf yells, "Snoogle sow snockshim!"
Crazy Yiuf hits you with a quarterstaff of chaos.
You die...

#....###...###.###. #....#
#....#...#.. ♣....♣ #......_....
♣♣...♣ #....#...#.. ♣♣.♣♣
#...###.###. ######## ♣♣.♣
#....#...#.. ##......## ♣.♣♣
#........... #........## ♣♣.♣
#........... ..........# ♣@♣♣
#........... ..........# #g#
#........... ..........# ...
#........... ..........# #...#
#........### ..........## #)(.#
#####.##.### #..........# #####
#.###.##..#. ..........##
#..#..###..)
..........############..#.## ##..
...<......##............#.#####..


You could see Crazy Yiuf.

Vanquished Creatures
  A worm (D:2)
  A dart slug (D:2)
  A leopard gecko (D:2)
  6 bats
  5 giant cockroaches
  7 goblins
  6 hobgoblins (D:1)
  3 jackals (D:1)
  5 kobolds
  A ball python (D:2)
  A frilled lizard (D:2)
  5 rats
42 creatures vanquished.

Notes
Turn   | Place    | Note
-------+----------+-------------------------------------------
     0 | D:1      | sveltemanboy the Vine Stalker Hunter began the quest for the Orb.
     0 | D:1      | Reached XP level 1. HP: 11/11 MP: 2/2
   394 | D:1      | Reached XP level 2. HP: 15/15 MP: 3/3
   555 | D:1      | Reached skill level 1 in Armour
   913 | D:1      | Reached XP level 3. HP: 8/18 MP: 4/4
  1673 | D:2      | Reached skill level 4 in Crossbows
  1715 | D:2      | Found a radiant altar of Vehumet.
  1815 | D:2      | Found a burning altar of Makhleb.
  1876 | D:2      | Found a runed door.
  1880 | D:2      | Noticed Crazy Yiuf
  1885 | D:2      | Slain by Crazy Yiuf

Skill      XL: |  1  2  3 |
---------------+----------+-----
Armour         | 1 |  1.4
Dodging        | 2 |  2.2
Crossbows      | 4 |  4.1
Fighting       | |  1.7
Stealth        | |  1.2

Action                   || total
-------------------------++-------
Melee: Short sword       ||    90
       Bite              ||    17
 Fire: Hand crossbow     ||    38
 Stab: Sleeping          ||     2
  Eat: Chunk             ||     3
Armor: Leather armour    ||    37
Dodge: Dodged            ||    63
